 Dungeon Crawl Stone Soup version 0.29.0-4-gdea44cf6ec (webtiles) character file.

Game seed: 5643551873579103621

16333 qw the Severer (level 11, 0/102 HPs)
             Began as a Minotaur Fighter on Sept 4, 2022.
             Was a Follower of Ru.
             Slain by Rupert
             ... wielding a +1 vampiric battleaxe
              (2 damage)
             ... on level 12 of the Dungeon.
             The game lasted 00:05:40 (14183 turns).

qw the Severer (Minotaur Fighter)                  Turns: 14183, Time: 00:05:41

Health: 0/102      AC: 20    Str: 26    XL:     11   Next: 9%
Magic:  10/10      EV:  8    Int:  5    God:    Ru [*.....]
Gold:   172        SH:  5    Dex: 11    Spells: 10/10 levels left

rFire   + . .      SeeInvis .   Y - +0 war axe
rCold   . . .      Faith    .   c - +0 buckler
rNeg    . . .      Spirit   .   l - +0 plate armour
rPois   +          Reflect  .   (helmet restricted)
rElec   .          Harm     .   u - +0 cloak
rCorr   .          Rampage  .   e - +1 pair of gloves "Xouvysus" {*Slow Str+2 Slay+5}
Will    .....                   n - +0 pair of boots
Stlth   ..........              (no amulet)
HPRegen 0.27/turn               s - ring of poison resistance
MPRegen 0.12/turn               g - ring of protection from fire

@: no status effects
A: horns 2, inexperienced 1, retaliatory headbutt
a: Renounce Religion


You were on level 12 of the Dungeon.
You worshipped Ru.
Ru was aware of your devotion.
You visited 2 branches of the dungeon, and saw 13 of its levels.
You also visited: Sewer.

You collected 645 gold pieces.
You spent 473 gold pieces at shops.


Innate Abilities, Weirdness & Mutations

You have a pair of horns on your head.
You are somewhat inexperienced. (-1 XL)
You reflexively headbutt those who attack you in melee.


   Skills:
 - Level 11.0 Fighting
 - Level 17.0 Axes
 - Level 2.3 Throwing
 + Level 10.3 Armour
 - Level 4.4 Dodging
 - Level 7.0 Shields


You had 10 spell levels left.
You didn't know any spells.
Your spell library was empty.

Inventory:

Hand Weapons
 k - the +9 flail "Bukho" {flame, rPois Will- rCorr}
   (You bought it in a shop on level 6 of the Dungeon)

   It burns those it strikes, dealing additional fire damage.
   rPois:     It protects you from poison.
   rCorr:     It protects you from acid and corrosion.
   Will:      It decreases your willpower.
 m - a +3 morningstar of freezing
 Y - a +0 war axe (weapon)
Missiles
 b - 2 boomerangs (quivered)
Armour
 c - a +0 buckler (worn)
 e - the +1 pair of gloves "Xouvysus" (worn) {*Slow Str+2 Slay+5}
   (You found it on level 2 of the Dungeon)

   Str:       It affects your strength (+2).
   Slay:      It affects your accuracy & damage with ranged weapons and melee
   (+5).
   *Slow:     It may slow you when you take damage.
 l - a +0 plate armour (worn)
 n - a +0 pair of boots (worn)
 u - a +0 cloak (worn)
Jewellery
 g - a ring of protection from fire (right hand)
 q - a ring of protection from fire
 r - a +6 ring of dexterity
 s - a ring of poison resistance (left hand)
Scrolls
 i - 5 scrolls of identify
Potions
 a - 4 potions of cancellation
 d - 3 potions of might
 h - 3 potions of mutation
 j - 6 potions of curing
 o - a potion of haste
 p - a potion of resistance

Dungeon Overview and Level Annotations

Branches:
Dungeon (12/15)            Temple (1/1) D:4            Lair (0/5) D:9
  Sewer (visited)
    Orc: D:9-12

Altars:
Ashenzari
Cheibriados
Dithmenos
Elyvilon
Fedhas
Gozag
Hepliaklqana
Kikubaaqudgha
Makhleb
Nemelex Xobeh
Okawaru
Qazlal
Ru
Sif Muna
Trog
Uskayaw
Vehumet
Wu Jian
Xom
Yredelemnul
Zin
The Shining One

Shops:
D:2 *   D:4 ::   D:6 (   D:9 =

Annotations:
D:12 Rupert


Message History

Rupert is stunned by your conviction and fails to attack.
You completely miss Rupert.
Rupert is heavily wounded.
Rupert hits you but does no damage.
You slash Rupert!
Rupert is heavily wounded.
Rupert hits you with a +1 vampiric battleaxe!!
Rupert draws strength from your wounds!
You hit Rupert but do no damage.
Rupert is heavily wounded.
Rupert hits you with a +1 vampiric battleaxe!!!
Rupert draws strength from your wounds!
14177 ||| DRINKING 3 potions of heal wounds.
You feel much better. Rupert hits you but does no damage.
Rupert hits you with a +1 vampiric battleaxe!
Rupert draws strength from your wounds!
14178 ||| DRINKING 2 potions of heal wounds.
You feel much better.
Rupert hits you with a +1 vampiric battleaxe!!
Rupert draws strength from your wounds!
14179 ||| DRINKING potion of heal wounds.
You feel much better.
Rupert hits you with a +1 vampiric battleaxe!!
Rupert closely misses you.
You slice Rupert!! Your headbutt misses Rupert.
Rupert is moderately wounded.
Rupert hits you with a +1 vampiric battleaxe!
Rupert draws strength from your wounds!
You slice Rupert!! You headbutt Rupert.
Rupert is heavily wounded.
Rupert hits you with a +1 vampiric battleaxe!
Rupert draws strength from your wounds!
You hit Rupert but do no damage.
Rupert is moderately wounded.
Rupert hits you but does no damage.
You hit Rupert. You headbutt Rupert!
Rupert is heavily wounded.
Rupert hits you with a +1 vampiric battleaxe.
You die...

##### . ?...# .# #... .#
#..########### .#
#..#.........# .#
#..#.........# .
.#####..#...[.....# ...
........##'########.....
............(...@@......
'#######..........:.....
.%%....#.....########...
####...#.....# .
...#...#.....#
...#...#.....#
...#...#.....#
...#...#.....# ####...#


You could see Rupert (berserk).

Vanquished Creatures
  A centaur warrior (D:10)
  A two-headed ogre (D:11)
  A cyclops (D:12)
  2 manticores (D:10)
  Psyche (D:10)
  A freezing wraith (D:10)
  6 trolls
  A hornet (D:9)
  2 shadows
  32 yaks
  2 vampires
  2 wraiths
  2 steam dragons
  Edmund (D:5)
  2 acid dragons
  2 orc warriors
  3 water moccasins
  2 black bears
  5 ice beasts
  A sky beast (D:8)
  An ogre (D:7)
  7 centaurs
  A phantom (D:6)
  3 kobold brigands
  4 bullfrogs
  A gnoll sergeant (D:8)
  6 scorpions
  16 wights
  21 killer bees
  2 howler monkeys
  A centaur zombie (D:9)
  A lava snake (D:7)
  4 hounds
  4 jellies
  5 orc priests
  2 gnoll boudas
  Natasha (thrice) (D:2)
  6 iguanas
  8 orc wizards
  5 adders
  8 gnolls
  An ufetubus (D:5)
  A worm (D:3)
  2 dart slugs
  39 orcs
  9 bats
  5 endoplasms
  9 giant cockroaches
  A goblin (D:1)
  6 hobgoblins
  8 jackals (D:1)
  9 quokkas
  7 ball pythons
  2 frilled lizards
  40 kobolds
  10 rats
328 creatures vanquished.

Vanquished Creatures (others)
  A yak (D:11)
  A human (D:5)
  58 fungi
  66 plants
  9 withered plants (D:9)
135 creatures vanquished.

Grand Total: 463 creatures vanquished

Notes
Turn   | Place    | Note
-------+----------+-------------------------------------------
     0 | D:1      | qw the Minotaur Fighter began the quest for the Orb.
     0 | D:1      | Reached XP level 1. HP: 19/19 MP: 0/0
     0 | D:1      | 0 ||| qw: Version: 0.1-a-103-gd6f5d3a
     0 | D:1      | 0 ||| qw: Game counter: 5424
     0 | D:1      | 0 ||| qw: Always use a shield: true
     0 | D:1      | 0 ||| qw: God list: Ru
     0 | D:1      | 0 ||| qw: Allow faded altars: false
     0 | D:1      | 0 ||| qw: Do Orc after D:15 true
     0 | D:1      | 0 ||| qw: Do second Lair branch before Depths: true
     0 | D:1      | 0 ||| qw: Lair rune preference: random
     0 | D:1      | 0 ||| qw: Plans: Normal
     0 | D:1      | 0 ||| PLANNING D:1-11
    64 | D:1      | Reached skill level 3 in Axes
    91 | D:1      | Reached XP level 2. HP: 26/26 MP: 1/1
   298 | D:1      | Reached skill level 4 in Axes
   383 | D:1      | 383 ||| Stepping ~*~*~tactically~*~*~ (stealth).
   386 | D:1      | 386 ||| Stepping ~*~*~tactically~*~*~ (stealth).
   387 | D:1      | 387 ||| Stepping ~*~*~tactically~*~*~ (stealth).
   401 | D:1      | Reached XP level 3. HP: 30/31 MP: 2/2
   748 | D:1      | 748 ||| UPGRADING to +6 ring of dexterity.
   749 | D:1      | 749 ||| READING scroll labelled MILEGG CUISEURPH.
   750 | D:1      | 750 ||| READING scroll labelled ECESOMUIXT.
   779 | D:2      | You fall into a shaft and drop 1 floor!
   820 | D:3      | Paralysed by a goblin for 5 turns
   826 | D:3      | 826 ||| STAIRDANCE
   844 | D:2      | 844 ||| Stepping ~*~*~tactically~*~*~ (stealth).
   913 | D:2      | Reached skill level 1 in Dodging
   946 | D:2      | 946 ||| Stepping ~*~*~tactically~*~*~ (stealth).
  1152 | D:2      | Identified the +1 pair of gloves "Xouvysus" {*Slow Str+2
                  | Slay+5}
  1204 | D:2      | 1204 ||| Stepping ~*~*~tactically~*~*~ (stealth).
  1206 | D:2      | 1206 ||| Stepping ~*~*~tactically~*~*~ (hiding).
  1323 | D:2      | Found Ethros's General Store.
  1327 | D:2      | 1327 ||| SHOPLISTING ring of ice (300 gold, have 103).
  1327 | D:2      | 1327 ||| BUYING scroll of identify (24 gold).
  1327 | D:2      | Bought a scroll of identify for 24 gold pieces
  1360 | D:2      | Noticed Natasha
  1366 | D:2      | Killed Natasha
  1367 | D:2      | Reached skill level 5 in Axes
  1367 | D:2      | Reached XP level 4. HP: 39/39 MP: 3/3
  1440 | D:2      | Noticed Natasha
  1451 | D:2      | Killed Natasha
  1690 | D:2      | Noticed Natasha
  1691 | D:2      | 1691 ||| Stepping ~*~*~tactically~*~*~ (hiding).
  1697 | D:2      | Killed Natasha
  1698 | D:2      | Reached skill level 6 in Axes
  1922 | D:2      | 1922 ||| UPGRADING to +1 pair of gloves "Xouvysus" {*Slow
                  | Str+2 Slay+5}.
  1927 | D:2      | 1927 ||| READING scroll labelled FISOCL OM CYM.
  1928 | D:2      | 1928 ||| DRINKING 2 bubbling brown potions.
  1996 | D:2      | 1996 ||| Stepping randomly (stuck).
  2165 | D:2      | 2165 ||| Stepping randomly (stuck).
  2304 | D:3      | 2304 ||| Stepping ~*~*~tactically~*~*~ (stealth).
  2309 | D:3      | Reached XP level 5. HP: 40/45 MP: 4/4
  2545 | D:3      | 2545 ||| Stepping ~*~*~tactically~*~*~ (stealth).
  2695 | D:3      | 2695 ||| DROPPING +0 mace.
  2716 | D:3      | 2716 ||| Stepping ~*~*~tactically~*~*~ (stealth).
  2735 | D:3      | Reached skill level 7 in Axes
  3146 | D:3      | Found a faded altar of an unknown god.
  3150 | D:3      | 3150 ||| DROPPING +2 pair of gloves.
  3151 | D:3      | 3151 ||| UPGRADING to ring of protection from fire.
  3152 | D:3      | 3152 ||| READING scroll labelled ZIODIGRIAWN.
  3210 | D:4      | Found a glowing silver altar of Zin.
  3242 | D:4      | Found an ornate altar of the Wu Jian Council.
  3243 | D:4      | Found a blossoming altar of Fedhas.
  3257 | D:4      | Found Buthon's Book Shoppe.
  3476 | D:4      | Reached XP level 6. HP: 51/51 MP: 5/5
  3575 | D:4      | Found Nolloes's Book Boutique.
  3637 | D:4      | Found a staircase to the Ecumenical Temple.
  3638 | D:4      | 3638 ||| PLANNING TEMPLE
  3638 | D:4      | 3638 ||| READING scroll labelled ORGHOD VAOTH.
  3639 | D:4      | 3639 ||| READING scroll labelled BAESIYTEOK.
  3640 | D:4      | 3640 ||| READING scroll labelled NAEVIT VOMI.
  3641 | D:4      | 3641 ||| READING scroll labelled ATESYH XOSKIO.
  3650 | Temple   | Entered the Ecumenical Temple
  3781 | Temple   | 3781 ||| PLANNING D:1-11
  3912 | D:4      | 3912 ||| Stepping ~*~*~tactically~*~*~ (stealth).
  3928 | D:4      | 3928 ||| DROPPING +3 whip.
  4147 | D:4      | 4147 ||| DROPPING +6 ring of intelligence.
  4148 | D:4      | 4148 ||| READING 2 scrolls of identify.
  4148 | D:4      | 4148 ||| IDENTIFYING golden potion
  4149 | D:4      | 4149 ||| DROPPING potion of degeneration.
  4197 | D:5      | Entered Level 5 of the Dungeon
  4203 | D:5      | Reached skill level 8 in Axes
  4221 | D:5      | 4221 ||| FLEEEEING.
  4222 | D:5      | 4222 ||| FLEEEEING.
  4223 | D:5      | 4223 ||| STAIRDANCE
  4391 | D:5      | Reached XP level 7. HP: 55/59 MP: 6/6
  4524 | D:5      | Reached skill level 9 in Axes
  4549 | D:5      | 4549 ||| Stepping ~*~*~tactically~*~*~ (stealth).
  4700 | D:5      | Found an ancient bone altar of Kikubaaqudgha.
  4704 | D:5      | Noticed a human
  4707 | D:5      | Killed a human
  4766 | D:5      | Noticed Edmund
  4769 | D:5      | Reached skill level 10 in Axes
  4773 | D:5      | Killed Edmund
  4774 | D:5      | Reached skill level 3 in Dodging
  4774 | D:5      | Reached XP level 8. HP: 24/69 MP: 7/7
  4777 | D:5      | Reached skill level 6 in Fighting
  5021 | D:5      | 5021 ||| DROPPING +0 flail.
  5211 | D:6      | 5211 ||| PLANNING SEWER
  5213 | D:6      | 5213 ||| STAIRDANCE
  5311 | D:6      | 5311 ||| STAIRDANCE
  5464 | D:6      | Found Ulyomost's Antique Weapon Boutique.
  5473 | D:6      | 5473 ||| Stepping ~*~*~tactically~*~*~ (stealth).
  5475 | D:6      | 5475 ||| Stepping ~*~*~tactically~*~*~ (stealth).
  5553 | D:6      | Reached skill level 11 in Axes
  5822 | D:6      | Found a glowing drain.
  5830 | D:6      | 5830 ||| UPGRADING to +0 plate armour.
  5840 | D:6      | 5840 ||| DROPPING +0 scale mail.
  5841 | D:6      | 5841 ||| DROPPING amulet of faith.
  5842 | D:6      | 5842 ||| DRINKING 2 amethyst potions.
  5843 | D:6      | 5843 ||| READING 2 scrolls of identify.
  5843 | D:6      | 5843 ||| IDENTIFYING sedimented sapphire potion
  5844 | D:6      | 5844 ||| DROPPING potion of attraction.
  5876 | Sewer    | Entered a sewer
  5893 | Sewer    | 5893 ||| Stepping ~*~*~tactically~*~*~ (water).
  6095 | Sewer    | 6095 ||| DROPPING +4 mace.
  6105 | Sewer    | 6105 ||| READING scroll labelled ERCHIR ILIFO.
  6106 | Sewer    | 6106 ||| DRINKING 3 green potions.
  6107 | Sewer    | 6107 ||| DRINKING 2 orange potions.
  6108 | Sewer    | 6108 ||| DROPPING potion of invisibility.
  6109 | Sewer    | 6109 ||| READING scroll of teleportation.
  6122 | D:6      | 6122 ||| PLANNING D:1-11
  6369 | D:6      | 6369 ||| READING scroll labelled MURYOL VUFEKHLI.
  6459 | D:7      | 6459 ||| Stepping ~*~*~tactically~*~*~ (stealth).
  6500 | D:7      | 6500 ||| Stepping ~*~*~tactically~*~*~ (stealth).
  6508 | D:7      | Reached skill level 1 in Throwing
  6533 | D:7      | 6533 ||| Stepping ~*~*~tactically~*~*~ (stealth).
  6558 | D:7      | 6558 ||| Stepping ~*~*~tactically~*~*~ (stealth).
  6565 | D:7      | Reached XP level 9. HP: 74/75 MP: 8/8
  6573 | D:7      | Reached skill level 12 in Axes
  6623 | D:7      | 6623 ||| Stepping ~*~*~tactically~*~*~ (stealth).
  6625 | D:7      | 6625 ||| Stepping ~*~*~tactically~*~*~ (stealth).
  6867 | D:7      | 6867 ||| Stepping ~*~*~tactically~*~*~ (hiding).
  6881 | D:7      | Reached skill level 6 in Armour
  6975 | D:7      | 6975 ||| Stepping ~*~*~tactically~*~*~ (stealth).
  6995 | D:7      | 6995 ||| Stepping ~*~*~tactically~*~*~ (stealth).
  6998 | D:7      | 6998 ||| Stepping ~*~*~tactically~*~*~ (stealth).
  6999 | D:7      | 6999 ||| Stepping ~*~*~tactically~*~*~ (stealth).
  7002 | D:7      | 7002 ||| Stepping ~*~*~tactically~*~*~ (stealth).
  7003 | D:7      | 7003 ||| Stepping ~*~*~tactically~*~*~ (stealth).
  7013 | D:7      | 7013 ||| Stepping ~*~*~tactically~*~*~ (stealth).
  7019 | D:7      | 7019 ||| Stepping ~*~*~tactically~*~*~ (hiding).
  7103 | D:7      | 7103 ||| FLEEEEING.
  7104 | D:7      | 7104 ||| FLEEEEING.
  7106 | D:7      | 7106 ||| FLEEEEING.
  7107 | D:7      | 7107 ||| FLEEEEING.
  7110 | D:7      | 7110 ||| STAIRDANCE
  7155 | D:6      | 7155 ||| UPGRADING to +0 pair of boots.
  7160 | D:6      | 7160 ||| READING 2 scrolls of identify.
  7160 | D:6      | 7160 ||| IDENTIFYING blue potion
  7161 | D:6      | 7161 ||| DROPPING potion of magic.
  7305 | D:7      | 7305 ||| Stepping ~*~*~tactically~*~*~ (hiding).
  7306 | D:7      | 7306 ||| Stepping ~*~*~tactically~*~*~ (hiding).
  7308 | D:7      | 7308 ||| Stepping ~*~*~tactically~*~*~ (hiding).
  7531 | D:7      | 7531 ||| READING 3 scrolls of identify.
  7531 | D:7      | 7531 ||| IDENTIFYING red potion
  7532 | D:7      | 7532 ||| READING 2 scrolls of identify.
  7532 | D:7      | 7532 ||| IDENTIFYING bubbling sapphire potion
  7589 | D:6      | 7589 ||| BUYING crude flail (229 gold).
  7589 | D:6      | Bought a crude flail for 229 gold pieces
  7589 | D:6      | Identified the +9 flail "Bukho" {flame, rPois Will- rCorr}
                  | (You bought it in a shop on level 6 of the Dungeon)
  7589 | D:6      | 7589 ||| DROPPING +4 flail of venom.
  7590 | D:6      | 7590 ||| Stepping randomly (stuck).
  7613 | D:8      | 7613 ||| Stepping ~*~*~tactically~*~*~ (stealth).
  7614 | D:8      | 7614 ||| Stepping ~*~*~tactically~*~*~ (stealth).
  7619 | D:8      | 7619 ||| Stepping ~*~*~tactically~*~*~ (stealth).
  7626 | D:8      | Reached skill level 13 in Axes
  7627 | D:8      | 7627 ||| Stepping ~*~*~tactically~*~*~ (hiding).
  7976 | D:8      | 7976 ||| Stepping ~*~*~tactically~*~*~ (stealth).
  8152 | D:8      | 8152 ||| Stepping ~*~*~tactically~*~*~ (hiding).
  8161 | D:8      | Reached XP level 10. HP: 84/88 MP: 9/9
  8547 | D:8      | 8547 ||| DRINKING 2 yellow potions.
  8548 | D:8      | 8548 ||| DROPPING potion of flight.
  8612 | D:9      | 8612 ||| Stepping ~*~*~tactically~*~*~ (stealth).
  8614 | D:9      | 8614 ||| Stepping ~*~*~tactically~*~*~ (stealth).
  8631 | D:9      | 8631 ||| Stepping ~*~*~tactically~*~*~ (hiding).
  8632 | D:9      | 8632 ||| Stepping ~*~*~tactically~*~*~ (hiding).
  8633 | D:9      | 8633 ||| Stepping ~*~*~tactically~*~*~ (hiding).
  8634 | D:9      | 8634 ||| Stepping ~*~*~tactically~*~*~ (hiding).
  8636 | D:9      | Reached skill level 14 in Axes
  8655 | D:9      | 8655 ||| Stepping ~*~*~tactically~*~*~ (stealth).
  8656 | D:9      | 8656 ||| Stepping ~*~*~tactically~*~*~ (stealth).
  8657 | D:9      | 8657 ||| Stepping ~*~*~tactically~*~*~ (stealth).
  8664 | D:9      | 8664 ||| FLEEEEING.
  8665 | D:9      | 8665 ||| STAIRDANCE
  8905 | D:9      | 8905 ||| STAIRDANCE
  9046 | D:9      | 9046 ||| STAIRDANCE
  9127 | D:9      | 9127 ||| Stepping ~*~*~tactically~*~*~ (stealth).
  9139 | D:9      | Reached skill level 15 in Axes
  9168 | D:9      | Reached skill level 9 in Fighting
  9178 | D:9      | 9178 ||| FLEEEEING.
  9179 | D:9      | 9179 ||| FLEEEEING.
  9180 | D:9      | 9180 ||| STAIRDANCE
  9298 | D:9      | 9298 ||| STAIRDANCE
  9398 | D:9      | 9398 ||| Stepping ~*~*~tactically~*~*~ (stealth).
  9449 | D:9      | 9449 ||| Stepping ~*~*~tactically~*~*~ (stealth).
  9450 | D:9      | 9450 ||| Stepping ~*~*~tactically~*~*~ (stealth).
  9451 | D:9      | 9451 ||| Stepping ~*~*~tactically~*~*~ (stealth).
  9632 | D:9      | 9632 ||| Stepping ~*~*~tactically~*~*~ (stealth).
  9633 | D:9      | 9633 ||| Stepping ~*~*~tactically~*~*~ (stealth).
  9641 | D:9      | Reached XP level 11. HP: 92/97 MP: 10/10
  9703 | D:9      | Found Kabel's Jewellery Boutique.
  9714 | D:9      | 9714 ||| SHOPLISTING +6 ring of strength (396 gold, have
                  | 238).
  9714 | D:9      | 9714 ||| SHOPLISTING amulet of guardian spirit (330 gold,
                  | have 238).
  9714 | D:9      | 9714 ||| SHOPLISTING amulet of regeneration (330 gold, have
                  | 238).
  9714 | D:9      | 9714 ||| SHOPLISTING ring "Juut" {Fire Drain Str+4 SInv}
                  | (429 gold, have 238).
  9714 | D:9      | 9714 ||| SHOPLISTING ring of ice (275 gold, have 238).
  9714 | D:9      | 9714 ||| BUYING ring of poison resistance (220 gold).
  9714 | D:9      | Bought a ring of poison resistance for 220 gold pieces
  9714 | D:9      | 9714 ||| SHOPLISTING ring of poison resistance (220 gold,
                  | have 18).
  9724 | D:9      | Found a white marble altar of Elyvilon.
  9749 | D:9      | Found a staircase to the Lair.
 10057 | D:9      | 10057 ||| UPGRADING to ring of poison resistance.
 10059 | D:9      | 10059 ||| READING 2 scrolls labelled IGUOR ENLOL.
 10060 | D:9      | 10060 ||| DROPPING scroll of immolation.
 10077 | D:10     | Entered Level 10 of the Dungeon
 10103 | D:10     | Found a shadowy altar of Dithmenos.
 10108 | D:10     | Found a sacrificial altar of Ru.
 10116 | D:10     | Became a worshipper of Ru the Awakened
 10121 | D:10     | Found a hide-covered altar of Uskayaw.
 10197 | D:10     | Noticed Psyche
 10204 | D:10     | 10204 ||| Stepping ~*~*~tactically~*~*~ (stealth).
 10205 | D:10     | 10205 ||| Stepping ~*~*~tactically~*~*~ (stealth).
 10218 | D:10     | Killed Psyche
 10219 | D:10     | Reached skill level 16 in Axes
 10237 | D:10     | 10237 ||| Stepping ~*~*~tactically~*~*~ (stealth).
 10483 | D:10     | 10483 ||| Stepping ~*~*~tactically~*~*~ (stealth).
 10484 | D:10     | 10484 ||| Stepping ~*~*~tactically~*~*~ (stealth).
 10485 | D:10     | 10485 ||| Stepping ~*~*~tactically~*~*~ (stealth).
 10581 | D:10     | Reached skill level 6 in Shields
 10647 | D:10     | 10647 ||| Stepping ~*~*~tactically~*~*~ (hiding).
 10652 | D:10     | 10652 ||| DRINKING 5 potions of curing.
 10652 | D:10     | 10652 ||| (to cure confusion)
 10775 | D:10     | Found a snail-covered altar of Cheibriados.
 10901 | D:10     | 10901 ||| Stepping ~*~*~tactically~*~*~ (hiding).
 10902 | D:10     | 10902 ||| Stepping ~*~*~tactically~*~*~ (stealth).
 10903 | D:10     | 10903 ||| Stepping ~*~*~tactically~*~*~ (hiding).
 10912 | D:10     | 10912 ||| DRINKING 5 potions of curing.
 10912 | D:10     | 10912 ||| (to cure confusion)
 10941 | D:10     | 10941 ||| Stepping ~*~*~tactically~*~*~ (stealth).
 10942 | D:10     | 10942 ||| Stepping ~*~*~tactically~*~*~ (stealth).
 11019 | D:10     | 11019 ||| Stepping ~*~*~tactically~*~*~ (stealth).
 11021 | D:10     | 11021 ||| Stepping ~*~*~tactically~*~*~ (stealth).
 11244 | D:10     | Noticed a centaur warrior
 11245 | D:10     | 11245 ||| Stepping ~*~*~tactically~*~*~ (hiding).
 11252 | D:10     | Killed a centaur warrior
 11327 | D:10     | 11327 ||| Stepping ~*~*~tactically~*~*~ (hiding).
 11328 | D:10     | 11328 ||| Stepping ~*~*~tactically~*~*~ (hiding).
 11337 | D:10     | HP: 14/97 [manticore (12)]
 11338 | D:10     | 11338 ||| READING scroll of teleportation.
 11338 | D:10     | HP: 3/97 [manticore (8)]
 11339 | D:10     | 11339 ||| DRINKING 5 potions of heal wounds.
 11654 | D:10     | 11654 ||| Stepping ~*~*~tactically~*~*~ (hiding).
 11680 | D:10     | 11680 ||| FLEEEEING.
 11688 | D:10     | 11688 ||| STAIRDANCE
 11772 | D:9      | 11772 ||| READING scroll labelled YFAALE USAG.
 11773 | D:9      | 11773 ||| READING scroll labelled OXATAVEIWK.
 11970 | D:10     | Reached skill level 17 in Axes
 12044 | D:10     | 12044 ||| Stepping ~*~*~tactically~*~*~ (hiding).
 12152 | D:10     | 12152 ||| INVOKING Sacrifice Experience.
 12152 | D:10     | Gained mutation: You are somewhat inexperienced. (-1 XL)
                  | [Ru sacrifice]
 12152 | D:10     | Reached XP level 10. HP: 92/92 MP: 9/9
 12152 | D:10     | Reached * piety under Ru
 12333 | D:10     | 12333 ||| READING scroll labelled YRELUO HUUWNU.
 12497 | D:11     | 12497 ||| Stepping ~*~*~tactically~*~*~ (stealth).
 12553 | D:11     | 12553 ||| Stepping ~*~*~tactically~*~*~ (stealth).
 12556 | D:11     | 12556 ||| Stepping ~*~*~tactically~*~*~ (stealth).
 12562 | D:11     | 12562 ||| FLEEEEING.
 12563 | D:11     | 12563 ||| FLEEEEING.
 12564 | D:11     | 12564 ||| FLEEEEING.
 12565 | D:11     | 12565 ||| FLEEEEING.
 12566 | D:11     | 12566 ||| FLEEEEING.
 12567 | D:11     | 12567 ||| FLEEEEING.
 12568 | D:11     | 12568 ||| FLEEEEING.
 12569 | D:11     | 12569 ||| FLEEEEING.
 12570 | D:11     | 12570 ||| FLEEEEING.
 12571 | D:11     | 12571 ||| FLEEEEING.
 12572 | D:11     | 12572 ||| FLEEEEING.
 12573 | D:11     | 12573 ||| FLEEEEING.
 12574 | D:11     | 12574 ||| FLEEEEING.
 12581 | D:11     | 12581 ||| FLEEEEING.
 12582 | D:11     | 12582 ||| FLEEEEING.
 12583 | D:11     | 12583 ||| FLEEEEING.
 12584 | D:11     | 12584 ||| FLEEEEING.
 12585 | D:11     | 12585 ||| FLEEEEING.
 12586 | D:11     | 12586 ||| FLEEEEING.
 12587 | D:11     | 12587 ||| FLEEEEING.
 12588 | D:11     | 12588 ||| FLEEEEING.
 12589 | D:11     | 12589 ||| FLEEEEING.
 12590 | D:11     | 12590 ||| FLEEEEING.
 12591 | D:11     | 12591 ||| FLEEEEING.
 12592 | D:11     | 12592 ||| FLEEEEING.
 12594 | D:11     | 12594 ||| STAIRDANCE
 12901 | D:11     | Found a radiant altar of Vehumet.
 12984 | D:11     | 12984 ||| UPGRADING to +0 cloak.
 12989 | D:11     | 12989 ||| READING 6 scrolls of identify.
 12989 | D:11     | 12989 ||| IDENTIFYING white potion
 12990 | D:11     | 12990 ||| READING 5 scrolls of identify.
 12990 | D:11     | 12990 ||| IDENTIFYING emerald potion
 12991 | D:11     | 12991 ||| DROPPING potion of ambrosia.
 13061 | D:11     | 13061 ||| Stepping ~*~*~tactically~*~*~ (hiding).
 13066 | D:11     | Reached skill level 9 in Armour
 13176 | D:11     | Noticed a two-headed ogre
 13180 | D:11     | 13180 ||| Stepping ~*~*~tactically~*~*~ (stealth).
 13181 | D:11     | 13181 ||| Stepping ~*~*~tactically~*~*~ (stealth).
 13185 | D:11     | Killed a two-headed ogre
 13293 | D:11     | 13293 ||| Stepping ~*~*~tactically~*~*~ (stealth).
 13299 | D:11     | 13299 ||| FLEEEEING.
 13300 | D:11     | 13300 ||| FLEEEEING.
 13301 | D:11     | 13301 ||| FLEEEEING.
 13303 | D:11     | 13303 ||| FLEEEEING.
 13304 | D:11     | 13304 ||| FLEEEEING.
 13305 | D:11     | 13305 ||| FLEEEEING.
 13306 | D:11     | 13306 ||| FLEEEEING.
 13412 | D:11     | 13412 ||| Stepping ~*~*~tactically~*~*~ (stealth).
 13861 | D:12     | 13861 ||| Stepping ~*~*~tactically~*~*~ (stealth).
 13864 | D:12     | 13864 ||| Stepping ~*~*~tactically~*~*~ (stealth).
 13869 | D:12     | 13869 ||| Stepping ~*~*~tactically~*~*~ (stealth).
 13883 | D:12     | Reached XP level 11. HP: 37/101 MP: 10/10
 13893 | D:12     | HP: 20/101 [yak (9)]
 13894 | D:12     | 13894 ||| DRINKING 4 potions of heal wounds.
 14161 | D:12     | Noticed Rupert
 14163 | D:12     | Paralysed by Rupert for 5 turns
 14176 | D:12     | HP: 16/102 [Rupert/+1 vampiric battleaxe (39)]
 14177 | D:12     | 14177 ||| DRINKING 3 potions of heal wounds.
 14178 | D:12     | 14178 ||| DRINKING 2 potions of heal wounds.
 14179 | D:12     | 14179 ||| DRINKING potion of heal wounds.
 14181 | D:12     | HP: 1/102 [Rupert/+1 vampiric battleaxe (8)]
 14183 | D:12     | Slain by Rupert

Levels and vault maps discovered:
D:1:      dpeg_arrival_windows_large_door, layout_basic, serial_bayou_pond_a,
          hex_tiny, minmay_misc_feat_nine_boxes, minmay_close_crescents
D:2:      layout_basic, serial_shops, shop, uniq_natasha
D:3:      layout_basic, shapermc_ecumenical_altar_hornbeckon
D:4:      layout_loops_ring, mainiacjoe_overflow_catwalk,
          mainiacjoe_overflow_divided_tiny, lemuel_temple_firewalk_a,
          serial_shops, nicolae_diamond_shop, shop
D:5:      layout_basic, tgw_kikubaaqudgha, minmay_misc_feat_four_crosses,
          dreamdust_princess_bridge, grunt_ministairs_12, uniq_edmund
D:6:      layout_basic, gup_sewer_entry_pipe, serial_shops,
          nicolae_take_the_stairs
D:7:      layout_rooms, kennysheep_crisscross, minmay_crossroads
D:8:      layout_cave_pools, minmay_door_square,
          minmay_fractal_squares_gapless_5
D:9:      layout_cave_pools, general_overflow_altar,
          due_lair_maze_entry_diamond, serial_undead, serial_undead_e,
          serial_undead_e, serial_undead_e, serial_undead_c, serial_shops, shop,
          chequers_arboretum
D:10:     layout_basic, minmay_overflow_temple_star_quad, kennysheep_mini,
          minmay_shattered_shrine, uniq_psyche
D:11:     layout_grid_maze, fiery_altar_vehumet
D:12:     layout_irregular_city, hiddenorc1_lemuel, uniq_rupert
Temple:   hellmonk_temple_forest_ring

Skill      XL: |  1  2  3  4  5  6  7  8  9 10 11 |
---------------+----------------------------------+-----
Axes           | 3 4 5 6 7 8 10 11 13 15 17 | 17.0
Dodging        | 1 2 3 4 |  4.4
Fighting       | 4 5 6 8 10 11 | 11.0
Shields        | 4 5 7 6 |  7.0
Armour         | 5 7 10 | 10.3
Throwing       | 1 2 |  2.3

Action                   |  1- 3 |  4- 6 |  7- 9 | 10-12 || total
-------------------------+-------+-------+-------+-------++-------
Melee: War axe           |    84 |    81 |   223 |   370 ||   758
       Headbutt          |    12 |    13 |    36 |    89 ||   150
       Unarmed           |       |       |       |     7 ||     7
Throw: Boomerang         |       |     8 |    28 |    44 ||    80
Invok: Sacrifice Experie |       |       |       |     1 ||     1
  Use: Scroll            |     2 |     7 |     7 |     7 ||    23
       Potion            |       |     1 |     3 |     8 ||    12
Armor: Scale mail        |    43 |    20 |    27 |       ||    90
       Plate armour      |       |       |    71 |   167 ||   238
Dodge: Dodged            |    28 |    30 |    74 |   108 ||   240
Block: Buckler           |    23 |    16 |    41 |   102 ||   182

Table legend:
 A = Non-vault XP
 B = Vault XP
 C = Vault XP percentage of total XP
 D = Non-vault monster count
 E = Vault monster count
 F = Vault count percentage of total count
                 A         B        C        D         E       F
            +---------+---------+-------+---------+---------+-------
      Total |   18706 |    4628 |  19.8 |     259 |      70 |  21.3
            +---------+---------+-------+---------+---------+-------
        D:1 |      47 |       6 |  11.3 |      27 |       4 |  12.9
        D:2 |      95 |      35 |  26.9 |      13 |       1 |   7.1
        D:3 |     143 |       0 |   0.0 |      27 |       0 |   0.0
        D:4 |     152 |       0 |   0.0 |      11 |       0 |   0.0
        D:5 |     963 |     263 |  21.5 |      19 |       3 |  13.6
        D:6 |     803 |      18 |   2.2 |      15 |       9 |  37.5
        D:7 |    1540 |      81 |   5.0 |      25 |       3 |  10.7
        D:8 |    2047 |     756 |  27.0 |      30 |       8 |  21.1
        D:9 |    3218 |    1185 |  26.9 |      26 |      12 |  31.6
       D:10 |    2675 |    2246 |  45.6 |      28 |       5 |  15.2
       D:11 |    4735 |       0 |   0.0 |      29 |       0 |   0.0
       D:12 |    2288 |       0 |   0.0 |       9 |       0 |   0.0
      Sewer |       0 |      38 | 100.0 |       0 |      25 | 100.0
            +---------+---------+-------+---------+---------+-------
